 Dungeon Crawl Stone Soup version 0.26-a0-660-gc07710193c (webtiles) character file.

Game seed: 13740661152453041240

21835 MrRokkomies the Arsonist (level 12, -9/93 HPs)
             Began as a Gnoll Wanderer on Oct 5, 2020.
             Was an Elder of Vehumet.
             Engulfed by a cloud of freezing vapour (31 damage)
             ... on level 3 of the Lair of Beasts on Oct 6, 2020.
             The game lasted 00:34:32 (13628 turns).

MrRokkomies the Arsonist (Gnoll Wanderer)          Turns: 13628, Time: 00:34:38

Health: -9/93      AC: 20    Str: 14    XL:     12   Next: 94%
Magic:  24/24      EV: 19    Int: 23    God:    Vehumet [****..]
Gold:   707        SH:  0    Dex: 12    Spells: 4/27 levels left

rFire    . . .     SeeInvis .   x - +0 lajatang (flame)
rCold    . . .     Faith    .   (shield currently unavailable)
rNeg     . . .     Spirit   .   i - quicksilver dragon scales
rPois    .         Reflect  .   q - +2 helmet
rElec    .         Harm     .   U - scarf {repulsion}
rCorr    .         Rampage  .   (no gloves)
MR       +....                  J - +0 pair of boots
Stlth    +++.......             (no amulet)
HPRegen  0.25/turn              j - +4 ring of evasion
MPRegen  0.19/turn              D - +4 ring of protection

@: repel missiles
A: distributed training, fangs 1, strong nose
a: Renounce Religion


You were on level 3 of the Lair of Beasts.
You worshipped Vehumet.
Vehumet was greatly pleased with you.
You visited 3 branches of the dungeon, and saw 13 of its levels.
You also visited: Volcano.

You collected 707 gold pieces.

Inventory:

Hand Weapons
 a - the +8 frozen axe "Frostbite" {freezing cloud, *Noise +Fly rC+}
   (You acquired it on level 7 of the Dungeon)

   It has been specially enchanted to freeze those struck by it, causing extra
   injury to most foes and up to half again as much damage against particularly
   susceptible opponents.
   It can also slow down cold-blooded creatures.
   It protects you from cold.
   It lets you fly.
   It may make noises in combat.
 g - a +4 shortbow of flaming
 x - a +0 lajatang of flaming (weapon)
Missiles
 f - 57 poisoned darts (quivered)
 y - 148 arrows
 A - 4 datura-tipped darts
 I - a throwing net
 O - 4 atropa-tipped darts
 Q - 2 curare-tipped darts
Armour
 i - quicksilver dragon scales (worn)
 q - a +2 helmet (worn)
 u - a +1 cloak
 J - a +0 pair of boots (worn)
 U - a scarf of repulsion (worn)
Magical Staves
 b - an uncursed staff of conjuration
Jewellery
 j - a +4 ring of evasion (left hand)
 t - an uncursed ring of positive energy
 D - a +4 ring of protection (right hand)
 K - an uncursed ring of fire
Wands
 k - a wand of flame (49)
 n - a wand of enslavement (25)
 o - a wand of iceblast (4)
 G - a wand of random effects (26)
 S - a wand of acid (19)
Scrolls
 c - 4 scrolls of enchant weapon
 d - 3 scrolls of summoning
 h - 4 scrolls of enchant armour
 m - 3 scrolls of immolation
 r - 3 scrolls of remove curse
 B - a scroll of fog
 C - 4 scrolls of teleportation
 F - 7 scrolls of identify
 H - 2 scrolls of fear
 M - a scroll of magic mapping
Potions
 e - 5 potions of might
 l - 3 potions of flight
 p - 4 potions of stabbing
 s - 4 potions of brilliance
 v - a potion of magic
 w - a potion of ambrosia
 z - 2 potions of berserk rage
 E - a potion of invisibility {unknown}
 L - a potion of lignification
 N - a potion of mutation
 P - a potion of curing
 T - a potion of haste
Miscellaneous
 R - a phantom mirror


   Skills:
 + Level 8.2 Fighting
 + Level 7.7 Short Blades
 + Level 7.7 Long Blades
 + Level 7.7 Axes
 + Level 7.7 Maces & Flails
 + Level 7.7 Polearms
 + Level 7.7 Staves
 + Level 7.7 Slings
 + Level 7.7 Bows
 + Level 7.7 Crossbows
 + Level 7.7 Throwing
 + Level 7.7 Armour
 + Level 9.1 Dodging
 + Level 8.1 Stealth
 + Level 7.7 Shields
 + Level 7.7 Unarmed Combat
 + Level 8.3 Spellcasting
 + Level 6.4 Conjurations
 + Level 6.4 Hexes
 + Level 6.4 Summonings
 + Level 6.4 Necromancy
 + Level 6.4 Translocations
 + Level 6.4 Transmutations
 + Level 9.6 Fire Magic
 + Level 6.4 Ice Magic
 + Level 6.4 Air Magic
 + Level 6.4 Earth Magic
 + Level 6.4 Poison Magic
 + Level 8.5 Invocations
 + Level 8.2 Evocations


You had 4 spell levels left.
You knew the following spells:

 Your Spells              Type           Power        Failure   Level
a - Foxfire               Conj/Fire      ####         1%          1
b - Searing Ray           Conj           #####.       1%          2
c - Frozen Ramparts       Ice            #####.       1%          3
d - Lee's Rapid Deconstr  Erth           #####.....   7%          5
e - Olgreb's Toxic Radia  Pois           #####...     2%          4
f - Ignite Poison         Fire/Tmut/Pois #####...     1%          3
g - Bolt of Magma         Conj/Fire/Erth #####.....   4%          5

Your spell library contained the following spells:

 Spells                   Type           Power        Failure   Level
 Magic Dart               Conj           ####         1%          1
 Pain                     Necr           ####         1%          1
 Sting                    Tmut/Pois      ####         1%          1
 Poisonous Vapours        Pois/Air       #####.       1%          2
 Dazzling Flash           Conj/Hex       #####.       1%          3
 Inner Flame              Hex/Fire       #####...     1%          3
 Mephitic Cloud           Conj/Pois/Air  #####...     1%          3
 Vampiric Draining        Necr           #####.....   2%          3
 Fulminant Prism          Conj/Hex       #####.....   2%          4
 Iskenderun's Mystic Bla  Conj/Tloc      #####...     2%          4


Dungeon Overview and Level Annotations

Branches:
Dungeon (9/15)             Temple (1/1) D:4            Lair (3/6) D:9
 Spider (0/4) Lair:2          Orc (0/2) D:9         Volcano (visited)
  Swamp: Lair:2-4    Shoals: Lair:2-4

Altars:
Ashenzari
Cheibriados
Dithmenos
Elyvilon
Fedhas
Gozag
Hepliaklqana
Kikubaaqudgha
Makhleb
Nemelex Xobeh
Okawaru
Qazlal
Ru
Sif Muna
Trog
Uskayaw
Vehumet
Wu Jian
Xom
Yredelemnul
Zin
The Shining One

Shops:
D:4 =*?   D:5 ?   D:7 ?

Annotations:
D:9 1 runed translucent door, Sar's ghost, journeyman KoDe
Lair:1 1 runed translucent door, Tman's ghost, journeyman TrFi
Lair:3 1 runed translucent door, nj0rd12's ghost, journeyman MiFi


Innate Abilities, Weirdness & Mutations

Your experience applies equally to all skills.
You have very sharp teeth.
Your uncanny sense of smell can sniff out nearby items.


Message History

Unknown command.
You chop one of the seven-headed hydra's heads off!
The flame cauterises the wound!
You slice the six-headed hydra!! You burn the six-headed hydra.
The six-headed hydra is severely wounded.
You are engulfed in freezing vapours.
The six-headed hydra is engulfed in freezing vapours.
The six-headed hydra bites you! The six-headed hydra bites you. x2
The six-headed hydra bites you! x3
* * * LOW HITPOINT WARNING * * *
You are too injured to fight recklessly!
Unknown command.
Unknown command.
You chop one of the six-headed hydra's heads off!
The flame cauterises the wound!
You slice the five-headed hydra!! You burn the five-headed hydra.
You kill the five-headed hydra!
Vehumet accepts your kill.
You are engulfed in freezing vapours.
You die...

##........## ###.^....
###.....## ##.....
#.....### ##..... #
####....# ##...### ##.
#.....# #..#.# #...
##...## ####.#
.....###....### ##.#
....?..#†...#.# #..#
......°@......# ###..#
.......†.#....###.#..#
.../......#....##...##
.................<..#
........?##..##.#.###
#.......#.#########
##########


There were no monsters in sight!

Vanquished Creatures
  A red draconian (Volcano)
  Fannar (Lair:3)
  3 hydras
  A two-headed ogre (D:8)
  A salamander mystic (Volcano)
  Pikel (D:4)
  Maggie (D:9)
  4 salamanders (Volcano)
  A black mamba (Lair:3)
  A torpor snail (Lair:2)
  2 molten gargoyles (Volcano)
  7 cane toads
  A komodo dragon (Lair:1)
  A troll (D:9)
  A polar bear (Lair:1)
  A hornet (D:8)
  7 blink frogs (Lair:2)
  A tarantella (Lair:2)
  15 yaks
  2 fire bats (Volcano)
  A basilisk (Lair:3)
  Grum (D:9)
  3 wargs (D:8)
  13 water moccasins
  2 sky beasts (D:9)
  An ice beast (D:5)
  A black bear (Lair:3)
  An orc warrior (D:7)
  A phantom (D:9)
  A centaur (D:6)
  14 wolves
  A big kobold (D:8)
  8 bullfrogs
  A wyvern skeleton (D:9)
  A scorpion (D:9)
  A water moccasin skeleton (D:6)
  4 killer bees (D:7)
  A troll zombie (D:9)
  A howler monkey (D:9)
  2 vampire bats (D:6)
  A bullfrog zombie (D:9)
  3 hounds
  6 lava snakes (Volcano)
  A jelly (D:9)
  5 orc priests
  Crazy Yiuf (D:2)
  A centaur skeleton (D:7)
  Terence (D:2)
  8 orc wizards
  11 hell rats (Lair:3)
  9 worker ants
  6 ogre zombies (D:9)
  2 hound skeletons
  A hound zombie (D:8)
  Robin (D:2)
  A worker ant zombie (D:5)
  3 gnolls (D:9)
  A howler monkey skeleton (D:5)
  16 adders
  A shadow imp (D:5)
  An ufetubus (D:6)
  8 worms
  2 dart slugs
  4 leopard geckos
  17 orcs
  8 ball pythons
  2 bat skeletons (D:6)
  2 bat zombies (D:6)
  4 giant cockroaches
  22 goblins
  7 hobgoblins
  6 jackals
  6 quokkas
  9 bats
  6 frilled lizards
  2 goblin skeletons (D:9)
  4 goblin zombies (D:9)
  2 hobgoblin skeletons (D:9)
  3 hobgoblin zombies (D:9)
  15 kobolds
  4 orc skeletons (D:9)
  9 orc zombies (D:9)
  5 rats
339 creatures vanquished.

Vanquished Creatures (collateral kills)
  A wraith (D:9)
  An orc priest (D:9)
  An ogre zombie (D:9)
  A goblin zombie (D:9)
4 creatures vanquished.

Vanquished Creatures (others)
  A wolf (Lair:1)
  334 foxfires
  9 fungi
  13 plants (Lair:3)
357 creatures vanquished.

Grand Total: 700 creatures vanquished

Notes
Turn   | Place    | Note
-------+----------+-------------------------------------------
     0 | D:1      | MrRokkomies the Gnoll Wanderer began the quest for the Orb.
     0 | D:1      | MrRokkomies set off with the following items: a +2 spear, a
                  | +0 robe; and the following spells available to memorise:
                  | Foxfire, Inner Flame, Pain, Vampiric Draining
     0 | D:1      | Reached XP level 1. HP: 17/17 MP: 4/4
     0 | D:1      | Upgraded the game from 0.26-a0-658-gbdda728c12 to
                  | 0.26-a0-660-gc07710193c
     2 | D:1      | Learned a level 1 spell: Foxfire
   141 | D:1      | Reached XP level 2. HP: 23/23 MP: 0/5
   348 | D:1      | Reached XP level 3. HP: 28/28 MP: 7/7
   883 | D:2      | Reached skill level 1 in Invocations
  1109 | D:2      | Found a faded altar of an unknown god.
  1180 | D:2      | Noticed Robin
  1183 | D:2      | Reached skill level 1 in Short Blades
  1183 | D:2      | Reached skill level 1 in Long Blades
  1183 | D:2      | Reached skill level 1 in Axes
  1183 | D:2      | Reached skill level 1 in Maces & Flails
  1183 | D:2      | Reached skill level 1 in Polearms
  1183 | D:2      | Reached skill level 1 in Staves
  1183 | D:2      | Reached skill level 1 in Slings
  1183 | D:2      | Reached skill level 1 in Bows
  1183 | D:2      | Reached skill level 1 in Crossbows
  1183 | D:2      | Reached skill level 1 in Throwing
  1183 | D:2      | Reached skill level 1 in Armour
  1183 | D:2      | Reached skill level 1 in Shields
  1183 | D:2      | Reached skill level 1 in Unarmed Combat
  1187 | D:2      | Reached XP level 4. HP: 34/34 MP: 0/8
  1222 | D:2      | Killed Robin
  1358 | D:2      | Noticed Terence
  1369 | D:2      | Killed Terence
  1369 | D:2      | Reached skill level 1 in Conjurations
  1369 | D:2      | Reached skill level 1 in Hexes
  1369 | D:2      | Reached skill level 1 in Summonings
  1369 | D:2      | Reached skill level 1 in Necromancy
  1369 | D:2      | Reached skill level 1 in Translocations
  1369 | D:2      | Reached skill level 1 in Transmutations
  1369 | D:2      | Reached skill level 1 in Ice Magic
  1369 | D:2      | Reached skill level 1 in Air Magic
  1369 | D:2      | Reached skill level 1 in Earth Magic
  1369 | D:2      | Reached skill level 1 in Poison Magic
  1463 | D:2      | Found a sacrificial altar of Ru.
  1571 | D:2      | Reached XP level 5. HP: 40/40 MP: 6/9
  1865 | D:2      | Found a runed translucent door.
  1866 | D:2      | Noticed Crazy Yiuf
  2121 | D:2      | Killed Crazy Yiuf
  2452 | D:3      | Found a glowing silver altar of Zin.
  2849 | D:3      | Reached XP level 6. HP: 47/47 MP: 7/10
  3532 | D:4      | Noticed Pikel
  3584 | D:4      | Killed Pikel
  3584 | D:4      | Reached skill level 5 in Dodging
  3584 | D:4      | Reached XP level 7. HP: 44/53 MP: 6/12
  3764 | D:4      | Found Hasihoes's Assorted Antiques.
  3807 | D:4      | Found Ygriteg's Magic Scroll Shop.
  3863 | D:4      | Found Quwur's Jewellery Shop.
  4113 | D:4      | Found a staircase to the Ecumenical Temple.
  4122 | Temple   | Entered the Ecumenical Temple
  4182 | Temple   | Became a worshipper of Vehumet
  4279 | D:4      | Reached XP level 8. HP: 49/60 MP: 14/14
  4444 | D:5      | Entered Level 5 of the Dungeon
  4577 | D:5      | Found Ryeps's Magic Scroll Emporium.
  4678 | D:5      | Found a shimmering altar of Xom.
  4825 | D:5      | Found a faded altar of an unknown god.
  4825 | D:5      | Found a snail-covered altar of Cheibriados.
  4829 | D:5      | Learned a level 2 spell: Searing Ray
  4833 | D:5      | Found a broken altar of Ashenzari.
  4835 | D:5      | Found a shadowy altar of Dithmenos.
  4836 | D:5      | Found a faded altar of an unknown god.
  5438 | D:6      | Found an ancient bone altar of Kikubaaqudgha.
  5450 | D:6      | Reached * piety under Vehumet
  5450 | D:6      | Offered knowledge of Freeze by Vehumet.
  5905 | D:7      | Found Ciliur's Magic Scroll Emporium.
  5995 | D:7      | Identified a scroll of acquirement
  5995 | D:7      | Acquired the +8 frozen axe "Frostbite" {freezing cloud,
                  | *Noise +Fly rC+}
  5996 | D:7      | Found the +8 frozen axe "Frostbite" {freezing cloud, *Noise
                  | +Fly rC+}
  6118 | D:7      | Reached XP level 9. HP: 62/66 MP: 16/16
  6539 | D:8      | Noticed a two-headed ogre
  6546 | D:8      | Killed a two-headed ogre
  6546 | D:8      | Reached skill level 5 in Fighting
  6546 | D:8      | Reached skill level 5 in Stealth
  6546 | D:8      | Reached skill level 5 in Spellcasting
  6546 | D:8      | Reached skill level 5 in Evocations
  6680 | D:8      | Found a glowing golden altar of the Shining One.
  6796 | D:8      | Offered knowledge of Sandblast by Vehumet.
  6800 | D:8      | Reached ** piety under Vehumet
  6880 | D:8      | Noticed a hornet
  6894 | D:8      | Paralysed by a hornet for 3 turns
  6900 | D:8      | Killed a hornet
  6900 | D:8      | Reached skill level 5 in Invocations
  7359 | D:9      | Noticed a troll
  7366 | D:9      | Killed a troll
  7403 | D:9      | Noticed Grum
  7446 | D:9      | Reached XP level 10. HP: 74/74 MP: 13/18
  7501 | D:9      | Killed Grum
  7501 | D:9      | Noticed Maggie
  7637 | D:9      | Reached skill level 5 in Short Blades
  7637 | D:9      | Reached skill level 5 in Long Blades
  7637 | D:9      | Reached skill level 5 in Axes
  7637 | D:9      | Reached skill level 5 in Maces & Flails
  7637 | D:9      | Reached skill level 5 in Polearms
  7637 | D:9      | Reached skill level 5 in Staves
  7637 | D:9      | Reached skill level 5 in Slings
  7637 | D:9      | Reached skill level 5 in Bows
  7637 | D:9      | Reached skill level 5 in Crossbows
  7637 | D:9      | Reached skill level 5 in Throwing
  7637 | D:9      | Reached skill level 5 in Armour
  7637 | D:9      | Reached skill level 5 in Shields
  7637 | D:9      | Reached skill level 5 in Unarmed Combat
  7658 | D:9      | Offered knowledge of Frozen Ramparts by Vehumet.
  7678 | D:9      | Killed Maggie
  7734 | D:9      | Reached *** piety under Vehumet
  8015 | D:8      | Learned a level 3 spell: Frozen Ramparts
  8216 | D:9      | Offered knowledge of Hailstorm by Vehumet.
  8366 | D:9      | Found a staircase to the Orcish Mines.
  8609 | D:9      | Found a staircase to the Lair.
  8650 | D:9      | Found a runed translucent door.
  8650 | D:9      | Noticed a deep elf knight
  8651 | D:9      | Noticed Sar's ghost (journeyman KoDe)
  8818 | D:9      | Reached **** piety under Vehumet
  8855 | Lair:1   | Entered Level 1 of the Lair of Beasts
  8857 | Lair:1   | Noticed a cane toad
  8863 | Lair:1   | Killed a cane toad
  9222 | Lair:1   | Reached XP level 11. HP: 80/83 MP: 18/20
  9281 | Lair:1   | Found a runed translucent door.
  9472 | Lair:1   | Reached skill level 5 in Conjurations
  9472 | Lair:1   | Reached skill level 5 in Hexes
  9472 | Lair:1   | Reached skill level 5 in Summonings
  9472 | Lair:1   | Reached skill level 5 in Necromancy
  9472 | Lair:1   | Reached skill level 5 in Translocations
  9472 | Lair:1   | Reached skill level 5 in Transmutations
  9472 | Lair:1   | Reached skill level 5 in Ice Magic
  9472 | Lair:1   | Reached skill level 5 in Air Magic
  9472 | Lair:1   | Reached skill level 5 in Earth Magic
  9472 | Lair:1   | Reached skill level 5 in Poison Magic
  9645 | Lair:1   | Offered knowledge of Lee's Rapid Deconstruction by Vehumet.
  9727 | Lair:1   | Noticed Tman's ghost (journeyman TrFi)
 10045 | Lair:2   | Found a dark tunnel.
 10054 | Volcano  | Entered a volcano
 10061 | Volcano  | Learned a level 5 spell: Lee's Rapid Deconstruction
 10066 | Volcano  | Learned a level 4 spell: Olgreb's Toxic Radiance
 10070 | Volcano  | Learned a level 3 spell: Ignite Poison
 10274 | Volcano  | Noticed a salamander
 10274 | Volcano  | Noticed a red draconian
 10283 | Volcano  | Noticed a salamander
 10285 | Volcano  | Killed a salamander
 10290 | Volcano  | Killed a red draconian
 10299 | Volcano  | Killed a salamander
 10385 | Volcano  | Noticed a salamander mystic
 10397 | Volcano  | Killed a salamander mystic
 10478 | Volcano  | Noticed a salamander
 10483 | Volcano  | Killed a salamander
 10489 | Volcano  | Found a burning altar of Makhleb.
 10555 | Volcano  | Noticed a salamander
 10623 | Volcano  | Killed a salamander
 10623 | Volcano  | Reached XP level 12. HP: 33/91 MP: 21/23
 11030 | Lair:2   | Found a glowing silver altar of Zin.
 11060 | Lair:2   | Noticed a four-headed hydra
 11072 | Lair:2   | Killed a one-headed hydra
 11839 | Lair:2   | Found a hole to the Spider Nest.
 12337 | Lair:3   | Noticed Fannar
 12389 | Lair:3   | Killed Fannar
 12510 | Lair:3   | Reached ***** piety under Vehumet
 12510 | Lair:3   | Offered knowledge of Bolt of Magma by Vehumet.
 12520 | Lair:3   | Learned a level 5 spell: Bolt of Magma
 12801 | Lair:3   | Noticed a six-headed hydra
 12813 | Lair:3   | Killed a four-headed hydra
 13390 | Lair:3   | Found a runed translucent door.
 13392 | Lair:3   | Noticed nj0rd12's ghost (journeyman MiFi)
 13621 | Lair:3   | Noticed a six-headed hydra
 13628 | Lair:3   | Killed a five-headed hydra
 13628 | Lair:3   | Engulfed by a cloud of freezing vapour

Illustrated notes

Levels and vault maps discovered:
D:1:      dpeg_arrival_lava_temple_mockup, layout_basic
D:2:      layout_basic, lemuel_doored_altar, serial_glass, glass_columns_b,
          glass_columns_a, chequers_ecumenical_altar_simple, uniq_robin,
          uniq_crazy_yiuf_cottage, uniq_terence
D:3:      layout_loops_cross, old_standard_altar, minmay_snake_closets
D:4:      layout_basic, minmay_temple_entry_arrows, serial_shops,
          nicolae_shop_statue_plus, shop, nicolae_shop_statue_plus,
          minmay_door_square, uniq_pikel
D:5:      layout_loops_ring, chequers_temple_overflow_minitemple, basic_altar,
          serial_shops, shop
D:6:      layout_cave_pools, kennysheep_vampire_church
D:7:      layout_cave_pools, serial_shops, shop
D:8:      layout_gridville, lemuel_crystal_altar
D:9:      layout_cave_pools, erik_lair_orcish_takeover, zombieorc2_lemuel,
          ebering_ghost_inner_flame, serial_column_ruins,
          column_ruins_courtyard_long, column_ruins_hut,
          column_ruins_open_medium, column_ruins_grid_1,
          column_ruins_columns_straight, column_ruins_columns_straight,
          column_ruins_grid_1, column_ruins_corridor_straight,
          chequers_serial_rivers_small_a, uniq_maggie, uniq_grum
Temple:   eino_wide_crystal_templ
Lair:1:   layout_roguey, ebering_ghost_reflecting_pool
Lair:2:   layout_big_grid, spider_nest_entry_rubble, enter_volcano_1,
          basic_altar, grunt_megastairs_2
Lair:3:   layout_cave_pods, ebering_ghost_inner_flame,
          infiniplex_staircase_pool_2, grunt_megastairs_3, uniq_fannar

Skill      XL: |  1  2  3  4  5  6  7  8  9 10 11 12 |
---------------+-------------------------------------+-----
Invocations    | 1 2 3 4 5 6 7 8 |  8.5
Short Blades   | 1 2 3 4 5 6 7 |  7.7
Long Blades    | 1 2 3 4 5 6 7 |  7.7
Axes           | 1 2 3 4 5 6 7 |  7.7
Maces & Flails | 1 2 3 4 5 6 7 |  7.7
Polearms       | 1 2 3 4 5 6 7 |  7.7
Staves         | 1 2 3 4 5 6 7 |  7.7
Slings         | 1 2 3 4 5 6 7 |  7.7
Bows           | 1 2 3 4 5 6 7 |  7.7
Crossbows      | 1 2 3 4 5 6 7 |  7.7
Throwing       | 1 2 3 4 5 6 7 |  7.7
Armour         | 1 2 3 4 5 6 7 |  7.7
Shields        | 1 2 3 4 5 6 7 |  7.7
Unarmed Combat | 1 2 3 4 5 6 7 |  7.7
Spellcasting   | 3 4 5 6 7 8 |  8.3
Conjurations   | 1 2 3 4 5 6 |  6.4
Hexes          | 1 2 3 4 5 6 |  6.4
Summonings     | 1 2 3 4 5 6 |  6.4
Necromancy     | 1 2 3 4 5 6 |  6.4
Translocations | 1 2 3 4 5 6 |  6.4
Transmutations | 1 2 3 4 5 6 |  6.4
Ice Magic      | 1 2 3 4 5 6 |  6.4
Air Magic      | 1 2 3 4 5 6 |  6.4
Earth Magic    | 1 2 3 4 5 6 |  6.4
Poison Magic   | 1 2 3 4 5 6 |  6.4
Fighting       | 3 4 5 6 7 8 |  8.2
Evocations     | 3 4 5 6 7 8 |  8.2
Stealth        | 3 4 5 6 7 8 |  8.1
Dodging        | 5 6 7 8 9 |  9.1
Fire Magic     | 8 9 |  9.6

Action                   |  1- 3 |  4- 6 |  7- 9 | 10-12 || total
-------------------------+-------+-------+-------+-------++-------
Melee: Spear             |    54 |       |       |       ||    54
       Bite              |     2 |    15 |    23 |    24 ||    64
       Dagger            |    13 |    48 |       |       ||    61
       Punch             |       |     1 |     1 |       ||     2
       Quarterstaff      |       |    53 |       |       ||    53
       Whip              |       |       |   154 |       ||   154
       Executioner's axe |       |       |    64 |   338 ||   402
       Lajatang          |       |       |       |    12 ||    12
Throw: Dart              |       |    13 |    17 |       ||    30
 Cast: Foxfire           |    35 |    72 |    63 |    17 ||   187
       Frozen Ramparts   |       |       |       |    13 ||    13
       Searing Ray       |       |       |       |     5 ||     5
       Lee's Rapid Decon |       |       |       |     2 ||     2
       Olgreb's Toxic Ra |       |       |       |     4 ||     4
       Ignite Poison     |       |       |       |     2 ||     2
Evoke: Wand              |       |     4 |       |     8 ||    12
  Use: Scroll            |     3 |    10 |     6 |     9 ||    28
       Potion            |       |       |       |     5 ||     5
 Stab: Sleeping          |       |     2 |     6 |     3 ||    11
       Distracted        |       |       |     1 |     3 ||     4
Armor: Robe              |     6 |       |       |       ||     6
       Quicksilver drago |    20 |    52 |   152 |   215 ||   439
Dodge: Dodged            |    42 |    71 |   201 |   424 ||   738

Table legend: (Time is in decaauts)
 A = Elapsed time spent in this place.
 B = Non-inter-level travel time spent in this place.
 C = Inter-level travel time spent in this place.
 D = Time resting spent in this place.
 E = Time spent auto-exploring this place.
 F = Levels seen in this place.
 G = Mean time per level.
                   A        B        C        D        E       F      G
               +--------+--------+--------+--------+--------+-----+--------+
         Total |  13879 |  13481 |    398 |    934 |   9861 |  14 |  991.4 |
       Dungeon |   9117 |   8790 |    327 |    585 |   6466 |   9 | 1013.0 |
        Temple |     70 |     48 |     22 |      0 |     47 |   1 |   70.0 |
          Lair |   3770 |   3721 |     49 |    120 |   2971 |   3 | 1256.7 |
       Volcano |    920 |    920 |      0 |    229 |    377 |   1 |  920.0 |
               +--------+--------+--------+--------+--------+-----+--------+

Top non-repeatable levels by time:
  Lair:3: 1544 daAuts
     D:9: 1386 daAuts
     D:2: 1351 daAuts
     D:3: 1302 daAuts
     D:8: 1284 daAuts
  Lair:2: 1253 daAuts
  Lair:1: 972 daAuts
 Volcano: 920 daAuts
     D:1: 853 daAuts
     D:4: 852 daAuts
     D:5: 754 daAuts
     D:6: 700 daAuts
     D:7: 631 daAuts
  Temple: 70 daAuts
